 Dungeon Crawl Stone Soup version 0.21.1-1-g345015f (webtiles) character file.

297 anotherperson the Shield-Bearer (level 6, -6/34 HPs)
             Began as a Gargoyle Fighter on July 19, 2018.
             Mangled by an ice beast (12 damage)
             ... on level 3 of the Dungeon.
             The game lasted 00:08:47 (1852 turns).

anotherperson the Shield-Bearer (Gargoyle Fighter)  Turns: 1852, Time: 00:08:47

Health: -6/34      AC: 12    Str: 21    XL:     6   Next: 35%
Magic:  6/6        EV:  8    Int:  8    God:
Gold:   118        SH: 11    Dex: 12    Spells: 5/5 levels left

rFire    . . .     SeeInvis .   a - +0 flail
rCold    . . .     Gourm    .   c - +1 shield
rNeg     + . .     Faith    .   b - +0 scale mail
rPois    ∞         Spirit   .   (no helmet)
rElec    +         Reflect  .   (no cloak)
rCorr    .         Harm     .   (no gloves)
MR       .....                  l - +0 pair of boots
Stlth    ..........             (no amulet)
HPRegen  0.51/turn              (no ring)
MPRegen  0.10/turn              (no ring)

@: hasted, very quick
A: agile 1, frail 1, negative energy resistance 1, regeneration 1, electricity
resistance, unbreathing, petrification resistance, rot immunity, AC +4
a: no special abilities


You were on level 3 of the Dungeon.
You were not hungry.

You visited 1 branch of the dungeon, and saw 3 of its levels.

You collected 118 gold pieces.

Inventory:

Hand Weapons
 a - a +0 flail (weapon)
Armour
 b - a +0 scale mail (worn)
 c - a +1 shield (worn)
 l - a +0 pair of boots (worn)
Jewellery
 r - a +2 ring of evasion {unknown}
Scrolls
 e - a scroll of remove curse
 j - a scroll of identify
 m - a scroll of teleportation
 n - 2 scrolls of magic mapping
Potions
 d - a potion of might
 g - 2 potions of resistance
 h - a potion of berserk rage
 k - 2 potions of magic
 o - 2 potions of degeneration
 p - 2 potions of lignification {unknown}
 q - a potion of ambrosia
 s - 2 potions of agility {unknown}
Comestibles
 f - 5 rations
 t - a chunk of flesh


   Skills:
 + Level 4.2 Fighting
 * Level 4.2 Maces & Flails
 - Level 4.1 Armour
 - Level 0.7 Dodging
 - Level 4.8 Shields


You had 5 spell levels left.
You didn't know any spells.

Dungeon Overview and Level Annotations

Branches:
Dungeon (3/15)

Altars:

Annotations:
D:3 Robin


Innate Abilities, Weirdness & Mutations

You are resistant to torment.
Your stone body is resilient. (AC +4)
You are immune to poison.
You resist negative energy. (rN+)
You are resistant to electric shocks. (rElec)
You can survive without breathing.
You are immune to petrification.
You are immune to rotting.
You are agile. (Dex +2)
You are frail. (-10% HP)
Your natural rate of healing is unusually fast.


Message History

The goblins go into a battle-frenzy!
You hear a shout!
You closely miss the ice beast.
The ice beast is lightly wounded.
The ice beast barely misses you. You block the ice beast's attack.
You closely miss the ice beast.
The ice beast is lightly wounded.
The ice beast hits you but does no damage.
Robin drinks a potion.
Robin goes berserk!
You hit the ice beast.
The ice beast is lightly wounded.
Robin rages.
The ice beast hits you. The ice beast freezes you!
* * * LOW HITPOINT WARNING * * *
You are too injured to fight recklessly!
You are too injured to fight recklessly!
You feel yourself speed up. The ice beast hits you.
* * * LOW HITPOINT WARNING * * *
The ice beast freezes you!
You die...

........#(##......#
........#(##......#
........#.##......#
........#.##......###
.....####.##..........
###### #.....÷...#####
#..)......# #....)..g.#
##.######@# #.#
##Y#######
#.#####ggb......
#########o#...goo..b....
.........go#.##.........
...........#)##.........
#
.........Y.#.##.........
#
.......go%...##.........
#
...>.g..)..####.........
#


You could see an ice beast, Robin (berserk), 2 orcs, 3 goblins and a bat.

Vanquished Creatures
  A phantom (D:2)
  An orc wizard (D:3)
  5 gnolls
  4 adders (D:3)
  A worm (D:2)
  3 dart slugs
  3 leopard geckos
  14 orcs (D:3)
  7 bats
  5 giant cockroaches
  13 goblins
  6 hobgoblins
  4 jackals (D:2)
  5 kobolds
  4 frilled lizards
  10 rats
86 creatures vanquished.

Notes
Turn   | Place    | Note
-------+----------+-------------------------------------------
     0 | D:1      | anotherperson the Gargoyle Fighter began the quest for the Orb.
     0 | D:1      | Reached XP level 1. HP: 14/14 MP: 1/1
    47 | D:1      | Reached XP level 2. HP: 13/19 MP: 2/2
   239 | D:1      | Reached XP level 3. HP: 16/23 MP: 3/3
   631 | D:1      | Gained mutation: You are frail. (-10% HP) [potion of mutation]
   631 | D:1      | Gained mutation: Your natural rate of healing is unusually fast. [potion of mutation]
   631 | D:1      | Gained mutation: You are agile. (Dex +2) [potion of mutation]
   741 | D:2      | Reached XP level 4. HP: 23/25 MP: 4/4
  1048 | D:2      | Noticed a phantom
  1123 | D:2      | Killed a phantom
  1123 | D:2      | Reached XP level 5. HP: 29/29 MP: 5/5
  1644 | D:3      | Reached XP level 6. HP: 31/34 MP: 6/6
  1821 | D:3      | Noticed an ice beast
  1821 | D:3      | Noticed Robin
  1852 | D:3      | Mangled by an ice beast

Skill      XL: |  1  2  3  4  5  6 |
---------------+-------------------+-----
Shields        | 4 |  4.8
Maces & Flails | 3 4 |  4.2
Fighting       | 4 |  4.2
Armour         | 4 |  4.1
Dodging        | |  0.7

Action                   |  1- 3 |  4- 6 || total
-------------------------+-------+-------++-------
Melee: Flail             |   115 |   249 ||   364
  Use: Scroll            |     7 |     7 ||    14
       Potion            |     1 |     1 ||     2
  Eat: Chunk             |       |     4 ||     4
Armor: Scale mail        |    75 |   115 ||   190
Dodge: Dodged            |    30 |    80 ||   110
Block: Shield            |    79 |   161 ||   240
